 Dungeon Crawl Stone Soup version 0.30-a0-528-g8c47a4955b (webtiles) character file.

Game seed: 14448455521416976707

4414 tilp the Fighter (level 10, -2/94 HPs)
             Began as a Meteoran Fighter on Dec 23, 2022.
             Was a Priest of Okawaru.
             Slain by an orc warrior
             ... wielding a +0 halberd
              (26 damage)
             ... in a bailey.
             The game lasted 00:18:48 (3231 turns).

tilp the Fighter (Meteoran Fighter)                 Turns: 3231, Time: 00:18:48

Health: -2/94      AC: 15    Str: 25    XL:     10   Next: 93%
Magic:  11/11      EV: 12    Int:  9    God:    Okawaru [***...]
Gold:   272        SH:  6    Dex: 19    Spells: 9/9 levels left

rFire   . . .      SeeInvis .    b - +6 sling of the Horn {drain, Str+7}
rCold   . . .      Faith    .    c - +0 buckler
rNeg    . . .      Spirit   .    e - +3 chain mail
rPois   +          Reflect  .    (no helmet)
rElec   .          Harm     .    (no cloak)
rCorr   .          Rampage  .    i - +0 pair of gloves
Will    +....                    t - +0 pair of boots Stlth
                                 (no amulet)
HPRegen 0.35/turn                I - ring of poison resistance
MPRegen 0.12/turn                (no ring)

@: glowing
A: sense surroundings 2, otherworldly, glowing, explore regen
a: Renounce Religion, Heroism


You were in a bailey.
You worshipped Okawaru.
Okawaru was most pleased with you.
You visited 2 branches of the dungeon, and saw 11 of its levels.
You also visited: Ossuary and Bailey.

You collected 1344 gold pieces.
You spent 1072 gold pieces at shops.

Inventory:

Hand Weapons
 a - a +2 long sword of holy wrath
 b - the +6 sling of the Horn (weapon) {drain, Str+7}
   (You found it on level 2 of the Dungeon)

   A truly terrible weapon, it drains the life of any living foe it strikes.
   Str:       It affects your strength (+7).
 k - a +1 dagger of venom
 H - a +0 rapier
 L - a +2 vampiric quick blade
 M - a +1 long sword
Missiles
 r - 19 poisoned darts
 A - 4 boomerangs
 B - a throwing net
 P - 5 javelins
Armour
 c - a +0 buckler (worn)
 e - a +3 chain mail (worn)
 i - a +0 pair of gloves (worn)
 j - a +0 scale mail
 l - the +1 helmet of Gravity {-Tele Harm Dex+4}
   (You found it on level 4 of the Dungeon)

   Dex:       It affects your dexterity (+4).
   -Tele:     It prevents most forms of teleportation.
   Harm:      It increases damage dealt and taken.
 t - a +0 pair of boots (worn)
 u - a +4 plate armour of cold resistance
 E - a +1 ring mail of poison resistance
 K - a +0 chain mail
Jewellery
 I - a ring of poison resistance (left hand)
 Q - a ring of ice
Wands
 d - a wand of mindburst (44)
 y - a wand of charming (19)
 F - a wand of polymorph (14)
 O - a wand of roots (6)
Scrolls
 g - 3 scrolls of enchant armour {unknown}
 m - 3 scrolls of fear
 n - 2 scrolls of poison
 q - a scroll of identify
 s - a scroll of magic mapping
 v - a scroll of teleportation
 w - a scroll of enchant weapon
 N - a scroll of amnesia
 R - a scroll of butterflies {unknown}
Potions
 f - 3 potions of curing
 h - a potion of heal wounds {unknown}
 o - 3 potions of ambrosia
 p - 3 potions of cancellation
 x - a potion of magic
 z - a potion of invisibility {unknown}
 C - a potion of brilliance {unknown}
 D - 2 potions of mutation {unknown}
 G - a potion of resistance {unknown}
 J - 2 potions of flight {unknown}


   Skills:
 + Level 10.7 Fighting
 - Level 8.0 Long Blades
 - Level 2.0 Throwing
 - Level 6.0 Armour
 - Level 8.0 Dodging
 - Level 4.0 Stealth
 - Level 4.0 Shields


You had 9 spell levels left.
You didn't know any spells.
Your spell library was empty.

Dungeon Overview and Level Annotations

Branches:
Dungeon (10/15) Zot: 3214  Temple (1/1) D:6 Zot: 538     Orc (0/2) D:10
Ossuary (visited)          Bailey (1/1) Zot: 429
   Lair: D:8-11

Altars:
Ashenzari
Cheibriados
Dithmenos
Fedhas
Hepliaklqana
Makhleb
Okawaru
Qazlal
Ru
Uskayaw
Vehumet
Wu Jian
Xom
The Shining One

Shops:
D:5 *[(**   D:7 [   D:10 (

Annotations:
D:7 Pikel
Temple 2 transporters Bailey 2 runed translucent doors


Innate Abilities, Weirdness & Mutations

You passively map the area around you.
You are easily found by Zot.
You glow in the dark.
You regain HP and MP as you explore.


Message History

Unknown command.
Fire: b) +6 sling of the Horn {drain, Str+7}
Press: ? - help, Q - select action, (/) - cycle Shift-Dir - straight line, f/p - orc knight
Aim: an orc knight, wielding a +0 trident and wearing a +0 chain mail (heavily wounded, 67% to hit)
You shoot a sling bullet. The sling bullet hits the orc knight!
You drain the orc knight.
The orc knight is severely wounded.
You block the orc knight's attack.
The orc knight hits you from afar with a +0 trident!
Unknown command.
Fire: b) +6 sling of the Horn {drain, Str+7}
Press: ? - help, Q - select action, (/) - cycle Shift-Dir - straight line, f/p - orc knight
Aim: an orc knight, wielding a +0 trident and wearing a +0 chain mail (severely wounded, lightly drained, 67% to hit)
You shoot a sling bullet. The sling bullet hits the orc knight.
You drain the orc knight.
The orc knight is severely wounded.
The orc knight hits you but does no damage.
You block the orc warrior's attack.
The orc knight hits you but does no damage.
The orc warrior hits you from afar with a +0 halberd!!
Unknown command.
Fire: b) +6 sling of the Horn {drain, Str+7}
Press: ? - help, Q - select action, (/) - cycle Shift-Dir - straight line, f/p - orc knight
Aim: an orc knight, wielding a +0 trident and wearing a +0 chain mail (severely wounded, lightly drained, 67% to hit)
You shoot a sling bullet. The sling bullet hits the orc knight.
You drain the orc knight.
The orc knight is almost dead.
The orc knight completely misses you.
The orc warrior hits you from afar with a +0 halberd!!
* * * LOW HITPOINT WARNING * * *
Unknown command.
Fire: b) +6 sling of the Horn {drain, Str+7}
Press: ? - help, Q - select action, (/) - cycle Shift-Dir - straight line, f/p - orc knight
Aim: an orc knight, wielding a +0 trident and wearing a +0 chain mail (almost dead, lightly drained, 67% to hit)
You shoot a sling bullet.
The sling bullet hits the orc knight but does no damage.
The orc knight is almost dead.
The orc knight hits you but does no damage.
The orc warrior hits you from afar with a +0 halberd!!
You die...

#.8##...[ #8.#...####
#..#....![#..#.......
#..+..# $}#..'.......
#..+..##!?#..'.......
#).#e...!$#..#.......
#.8##...:##8.#...####
#.o########..#.)..≈≈≈
##.o..........##)♣.≈≈≈
#....@.........#.).≈≈≈
#..##########..#..♣≈≈≈
#### ####..♣≈≈≈
#....♣♣≈≈ ##..♣♣♣≈≈
#### ###


You could see an orc knight (drained) and an orc warrior (strong).

Vanquished Creatures
  Josephine (D:10)
  5 wraiths (D:10)
  5 yaks (D:8)
  4 orc warriors
  A sky beast (D:6)
  A black bear (D:6)
  An ogre (D:5)
  2 ice beasts (D:6)
  2 centaurs (D:8)
  A phantom (D:7)
  2 lemures (D:6)
  2 elf zombies (Ossuary)
  2 kobold brigands (D:8)
  2 bullfrogs
  A scorpion (D:6)
  A gnoll sergeant (D:5)
  An electric eel (D:8)
  A howler monkey (D:8)
  A centaur zombie (Ossuary)
  5 human zombies (Ossuary)
  2 jellies (D:5)
  2 iguanas
  Ijyb (D:5)
  2 orc wizards (D:5)
  3 mummies (Ossuary)
  4 adders (D:5)
  9 gnolls
  A white imp (D:5)
  2 ufetubi
  6 adder zombies (Ossuary)
  A worm (D:4)
  2 dart slugs
  25 orcs
  3 endoplasms
  A gnoll zombie (Ossuary)
  7 goblins
  11 kobolds
  3 quokkas
  A ball python (D:3)
  2 bats
  A frilled lizard (D:1)
  2 goblin zombies (Ossuary)
  3 hobgoblin zombies (Ossuary)
  4 jackal zombies (Ossuary)
  A kobold zombie (Ossuary)
  An orc zombie (Ossuary)
  5 quokka zombies (Ossuary)
  2 rats (D:1)
  5 rat zombies (Ossuary)
153 creatures vanquished.

Notes
Turn   | Place    | Note
-------+----------+-------------------------------------------
     0 | D:1      | tilp the Meteoran Fighter began the quest for the Orb.
     0 | D:1      | Reached XP level 1. HP: 19/19 MP: 2/2
    56 | D:1      | Reached XP level 2. HP: 26/26 MP: 3/3
   181 | D:2      | Reached skill level 1 in Dodging
   231 | D:2      | Reached XP level 3. HP: 31/31 MP: 4/4
   231 | D:2      | Identified the +6 sling of the Horn {drain, Str+7}
   255 | D:3      | You fall into a shaft and drop 1 floor!
   269 | D:4      | Found a sand-covered staircase.
   275 | Ossuary  | Entered an ossuary
   313 | Ossuary  | Reached skill level 1 in Stealth
   313 | Ossuary  | Reached XP level 4. HP: 15/38 MP: 5/5
   352 | Ossuary  | Reached XP level 5. HP: 30/46 MP: 6/6
   469 | Ossuary  | Reached skill level 4 in Fighting
   469 | Ossuary  | Reached XP level 6. HP: 45/52 MP: 7/7
   536 | Ossuary  | Reached skill level 1 in Throwing
   556 | Ossuary  | Reached XP level 7. HP: 47/59 MP: 8/8
   700 | Ossuary  | Glimpsed the power of Zot.
   747 | Ossuary  | Glimpsed the power of Zot.
   750 | Ossuary  | Identified a scroll of acquirement
   750 | Ossuary  | Acquired 928 gold pieces
   782 | D:5      | Entered Level 5 of the Dungeon
   820 | D:4      | Identified the +1 helmet of Gravity {-Tele Harm Dex+4}
   852 | D:3      | Found a sacrificial altar of Ru.
   868 | D:4      | Found a radiant altar of Vehumet.
   941 | D:5      | Found Qusse's Assorted Antiques.
   949 | D:5      | Bought a scroll of magic mapping for 150 gold pieces
   949 | D:5      | Bought a scroll labelled HIRESTR GOBBUJ for 20 gold pieces
   949 | D:5      | Bought a scroll of identify for 40 gold pieces
   949 | D:5      | Bought a scroll of identify for 40 gold pieces
   949 | D:5      | Bought a scroll labelled BATHEC BUFYNO for 20 gold pieces
   966 | D:5      | Found Uxkud's Armour Emporium.
   973 | D:5      | Bought a +0 pair of boots for 63 gold pieces
   973 | D:5      | Bought a +4 plate armour of cold resistance for 700 gold
                  | pieces
   978 | D:5      | Found Rulysak's General Store.
   993 | D:5      | Bought a scroll of teleportation for 39 gold pieces
  1154 | D:5      | Reached XP level 8. HP: 65/67 MP: 9/9
  1158 | D:5      | Found Qeuwirph's Antique Weapon Shoppe.
  1214 | D:5      | Found Qodavim's General Store.
  1222 | D:5      | Noticed Ijyb
  1228 | D:5      | Killed Ijyb
  1247 | D:5      | Reached skill level 5 in Long Blades
  1247 | D:5      | Reached skill level 5 in Dodging
  1335 | D:5      | Reached skill level 5 in Fighting
  1335 | D:5      | Reached skill level 5 in Armour
  1583 | D:7      | Noticed Pikel
  1749 | D:7      | Found Budeohya's Armour Emporium.
  1799 | D:7      | Acquired a +2 vampiric quick blade
  1952 | D:6      | Gained mutation: You passively map the area around you.
                  | [Meteoran growth]
  1952 | D:6      | Reached XP level 9. HP: 43/74 MP: 10/10
  1967 | D:6      | Found a staircase to the Ecumenical Temple.
  1979 | Temple   | Entered the Ecumenical Temple
  1979 | Temple   | Found a transporter.
  1979 | Temple   | Found a transporter.
  1981 | Temple   | Found a transporter.
  1981 | Temple   | Found a transporter.
  1991 | Temple   | Became a worshipper of Warmaster Okawaru
  2264 | D:8      | Reached skill level 6 in Fighting
  2323 | D:8      | Reached * piety under Okawaru
  2431 | D:8      | Found a blossoming altar of Fedhas.
  2457 | D:8      | Found a stormy altar of Qazlal.
  2509 | D:8      | Reached skill level 7 in Fighting
  2509 | D:8      | Reached XP level 10. HP: 83/86 MP: 11/11
  2937 | D:10     | Entered Level 10 of the Dungeon
  2947 | D:10     | Found Soseg's Weapon Shop.
  2952 | D:10     | Noticed Josephine
  2978 | D:10     | Killed Josephine
  2978 | D:10     | Reached ** piety under Okawaru
  2979 | D:10     | Reached skill level 8 in Fighting
  2982 | D:10     | Reached skill level 9 in Fighting
  2998 | D:10     | Reached skill level 10 in Fighting
  3010 | D:10     | Reached *** piety under Okawaru
  3019 | D:10     | Found a staircase to the Orcish Mines.
  3056 | D:10     | Found a flagged portal.
  3085 | Bailey   | Entered a bailey
  3198 | Bailey   | Found a large runed translucent door.
  3198 | Bailey   | Found a large runed translucent door.
  3199 | Bailey   | Noticed a deep elf zephyrmancer
  3201 | Bailey   | Found the +1 robe of Vines {NoPotionHeal Regen++++}
  3218 | Bailey   | Noticed an orc knight
  3231 | Bailey   | Slain by an orc warrior

Illustrated notes

Levels and vault maps discovered:
D:1:      minmay_arrival_five_plusses, layout_basic,
          hellmonk_ecumenical_altar_dog_temple, nrook_campfire,
          minmay_heptomino_w4
D:2:      layout_basic, kennysheep_cluttered_room, small_statue_intersection
D:3:      layout_loops_ring, nicolae_overflow_hidden_temple,
          minmay_overflow_temple_star_hex, uniq_crazy_yiuf_cottage
D:4:      layout_loops_ring, yredelemnul_forgotten_temple_becter,
          mainiacjoe_overflow_concentric_impassable, tgw_sif,
          nicolae_ossuary_entry_plus
D:5:      layout_rooms, serial_shops, nicolae_lakefront_shop,
          nicolae_square_shop, nicolae_shop_hallway_plus,
          nicolae_shop_window_shopping, shop, uniq_ijyb
D:6:      layout_basic, temple_hall, grunt_decor_clamped,
          minmay_misc_feat_nine_boxes
D:7:      layout_basic, serial_shops, shop, uniq_pikel
D:8:      layout_loops_ring, grunt_temple_overflow_forces_of_nature,
          fountainhead, nicolae_concentric_dashed_squares_mild,
          kennysheep_generic_room_6
D:9:      layout_loops_cross, the_hattery, uniq_maggie, uniq_erolcha
D:10:     layout_irregular_city, orc_david_3, serial_shops,
          nicolae_shop_advertising_works [nicolae_subvault_shop_adworks],
          enter_bailey_5, serial_column_ruins, column_ruins_square_medium,
          column_ruins_grid_1, column_ruins_corridor_corner,
          column_ruins_corridor_corner, column_ruins_columns_plus,
          uniq_josephine
Temple:   hellmonk_temple_divided_pantheon
Bailey:   bailey_polearm_elven_captive_hellmonk, bailey

Skill      XL: |  1  2  3  4  5  6  7  8  9 10 |
---------------+-------------------------------+-----
Dodging        | 1 2 3 4 5 7 8 |  8.0
Stealth        | 1 2 3 4 |  4.0
Shields        | 4 |  4.0
Long Blades    | 3 4 5 7 8 |  8.0
Armour         | 4 5 6 |  6.0
Fighting       | 4 5 7 10 | 10.7
Throwing       | 1 2 |  2.0

Action                   |  1- 3 |  4- 6 |  7- 9 | 10-12 || total
-------------------------+-------+-------+-------+-------++-------
Melee: Long sword        |    43 |    87 |    87 |    61 ||   278
 Fire: Sling             |    16 |    60 |   214 |    69 ||   359
Evoke: Wand              |       |       |       |     2 ||     2
  Use: Scroll            |     1 |       |    17 |     1 ||    19
       Potion            |       |       |     1 |     1 ||     2
Armor: Scale mail        |    46 |    60 |    31 |       ||   137
       Plate armour      |       |       |   173 |    51 ||   224
       Chain mail        |       |       |       |     6 ||     6
Dodge: Dodged            |    22 |    39 |   127 |    42 ||   230
Block: Buckler           |    23 |    24 |    70 |    35 ||   152

Table legend: (Time is in decaauts)
 A = Elapsed time spent in this place.
 B = Non-inter-level travel time spent in this place.
 C = Inter-level travel time spent in this place.
 D = Time resting spent in this place.
 E = Time spent auto-exploring this place.
 F = Levels seen in this place.
 G = Mean time per level.
                   A        B        C        D        E       F      G
               +--------+--------+--------+--------+--------+-----+--------+
         Total |   3572 |   3141 |    431 |     32 |      0 |  13 |  274.8 |
       Dungeon |   2785 |   2354 |    431 |      0 |      0 |  10 |  278.5 |
        Temple |     61 |     61 |      0 |     32 |      0 |   1 |   61.0 |
       Ossuary |    556 |    556 |      0 |      0 |      0 |   1 |  556.0 |
        Bailey |    168 |    168 |      0 |      0 |      0 |   1 |  168.0 |
               +--------+--------+--------+--------+--------+-----+--------+

Top non-repeatable levels by time:
     D:8: 752 daAuts
     D:5: 604 daAuts
 Ossuary: 556 daAuts
     D:6: 544 daAuts
     D:4: 194 daAuts
     D:7: 190 daAuts
    D:10: 188 daAuts
     D:1: 173 daAuts
  Bailey: 168 daAuts
     D:2: 83 daAuts
  Temple: 61 daAuts
     D:3: 29 daAuts
     D:9: 25 daAuts
